[ AOE2 MATCH · #507842971 ]
UnrankedSpanish vs Malay
Player's team · WIN
Rival team · LOSS
[ REPLAY ANALYSIS · EXTRACTED FROM THE RECORDED GAME ]
Feudal
8:51
Castle
20:59
Imperial
34:21
| APM avg | 58.7 |
| APM peak | 109 |
| eAPM avg | 25.6 |
| Villagers / military | 95 / 35 |
Focus
⚔️ 37.8% · 🌾 62.2%
Conquistador ×19 · Skirmisher ×10 · Trebuchet (Packed) ×3 · Missionary ×2 · Monk ×1
Feudal
10:41
Castle
25:14
Imperial
—
| APM avg | 40.4 |
| APM peak | 89 |
| eAPM avg | 29.4 |
| Villagers / military | 99 / 0 |
Focus
⚔️ 39.0% · 🌾 61.0%
Match map
Initial resources + every placement click. Lines = walls · curves = elevation contours. ◆ gold · ⬟ stone · ● berries · ✦ relic · ◌ wall gap
Your base· ✓ Closed at 20:59 · 25t walls · 4 gate(s)
Berkhee's base· ✓ Closed at 25:14 · 21t walls · 3 gate(s)
Smoothed initial terrain · ◌ = detected wall gap · hover for details
Inputs per minute
— maxymczech - - Berkhee
Build order — maxymczech
First 150 of 266 actions detected
| 0:00 | Create | Villager (Male) |
| 0:02 | Build | House |
| 0:03 | Build | House |
| 0:14 | Create | Villager (Male) ×3 |
| 1:27 | Create | Villager (Male) |
| 1:27 | Create | Villager (Male) |
| 1:53 | Create | Villager (Male) |
| 1:53 | Create | Villager (Male) |
| 2:18 | Create | Villager (Male) |
| 2:18 | Create | Villager (Male) |
| 2:19 | Create | Villager (Male) |
| 2:19 | Create | Villager (Male) |
| 2:42 | Create | Villager (Male) |
| 2:52 | Create | Villager (Male) |
| 2:52 | Create | Villager (Male) |
| 2:59 | Build | Lumber Camp |
| 3:08 | Build | House |
| 3:09 | Build | House |
| 3:26 | Create | Villager (Male) |
| 3:26 | Create | Villager (Male) |
| 3:26 | Create | Villager (Male) |
| 4:08 | Create | Villager (Male) |
| 4:09 | Create | Villager (Male) |
| 4:56 | Create | Villager (Male) |
| 5:14 | Build | Mill |
| 5:47 | Create | Villager (Male) |
| 5:47 | Create | Villager (Male) |
| 5:48 | Research | Loom |
| 6:34 | Research | Feudal Age |
| 6:34 | Research | Feudal Age |
| 6:43 | Build | Mining Camp |
| 6:56 | Create | Villager (Male) |
| 6:56 | Create | Villager (Male) |
| 7:48 | Build | Palisade Wall |
| 7:52 | Build | Palisade Wall |
| 8:34 | Build | House |
| 8:51 | Age | Feudal Age |
| 8:53 | Build | Watch Tower |
| 8:57 | Research | Double-Bit Axe |
| 8:57 | Research | Double-Bit Axe |
| 8:59 | Create | Villager (Male) |
| 9:33 | Create | Villager (Male) |
| 9:34 | Create | Villager (Male) |
| 9:34 | Create | Villager (Male) |
| 9:42 | Build | Blacksmith |
| 10:00 | Build | Watch Tower |
| 10:24 | Create | Villager (Male) |
| 10:25 | Research | Fletching |
| 10:26 | Research | Fletching |
| 10:48 | Create | Villager (Male) |
| 10:57 | Build | Mining Camp |
| 11:19 | Create | Villager (Male) |
| 11:23 | Create | Villager (Male) |
| 11:26 | Build | House |
| 11:49 | Create | Villager (Male) |
| 11:50 | Create | Villager (Male) |
| 12:17 | Create | Villager (Male) |
| 12:42 | Build | Market |
| 13:19 | Create | Villager (Male) |
| 13:19 | Create | Villager (Male) |
| 13:38 | Build | Watch Tower |
| 13:44 | Research | Horse Collar |
| 13:44 | Research | Horse Collar |
| 13:46 | Create | Villager (Male) |
| 13:54 | Build | Farm |
| 13:55 | Build | Farm |
| 14:19 | Create | Villager (Male) |
| 14:21 | Build | Farm |
| 14:23 | Build | Farm |
| 14:28 | Build | House |
| 14:29 | Build | House |
| 14:30 | Build | House |
| 15:43 | Create | Villager (Male) |
| 15:43 | Create | Villager (Male) |
| 15:59 | Create | Villager (Male) |
| 16:17 | Build | Lumber Camp |
| 16:20 | Build | Farm |
| 16:20 | Build | Farm |
| 16:21 | Build | Farm |
| 16:52 | Create | Villager (Male) |
| 17:12 | Create | Villager (Male) |
| 17:20 | Create | Villager (Male) |
| 17:26 | Build | Farm |
| 17:27 | Build | Farm |
| 17:27 | Build | Farm |
| 18:02 | Create | Villager (Male) |
| 18:19 | Research | Castle Age |
| 18:19 | Research | Castle Age |
| 18:44 | Build | Palisade Gate |
| 18:54 | Build | Palisade Wall |
| 18:55 | Build | Palisade Wall |
| 18:57 | Build | Palisade Wall |
| 18:59 | Build | Palisade Wall |
| 19:04 | Build | Palisade Wall |
| 19:07 | Build | Palisade Wall |
| 19:09 | Build | Palisade Wall |
| 19:16 | Create | Villager (Male) |
| 19:27 | Build | Palisade Wall |
| 19:34 | Build | Stone Wall |
| 19:36 | Build | Stone Wall |
| 19:37 | Build | Stone Wall |
| 19:39 | Build | Stone Wall |
| 19:56 | Create | Villager (Male) |
| 20:15 | Build | Watch Tower |
| 20:32 | Build | Stone Wall |
| 20:33 | Build | Stone Wall |
| 20:35 | Build | Stone Wall |
| 20:53 | Build | Farm |
| 20:59 | Age | Castle Age |
| 21:05 | Create | Villager (Male) |
| 21:07 | Research | Padded Archer Armor |
| 21:07 | Research | Padded Archer Armor |
| 21:22 | Create | Villager (Male) |
| 21:30 | Build | Town Center |
| 21:34 | Research | Bow Saw |
| 21:35 | Research | Bow Saw |
| 21:44 | Build | Farm |
| 22:24 | Build | Castle |
| 22:29 | Build | Palisade Wall |
| 22:31 | Build | Palisade Wall |
| 22:32 | Build | Palisade Wall |
| 22:38 | Create | Villager (Male) |
| 22:39 | Create | Villager (Male) |
| 22:45 | Build | Lumber Camp |
| 22:50 | Create | Villager (Male) |
| 22:58 | Create | Villager (Male) ×2 |
| 23:07 | Build | Lumber Camp |
| 23:46 | Research | Wheelbarrow |
| 23:47 | Research | Wheelbarrow |
| 23:57 | Build | Palisade Wall |
| 23:59 | Build | Palisade Wall |
| 24:01 | Build | Palisade Wall |
| 24:02 | Build | Palisade Wall |
| 24:08 | Build | Palisade Wall |
| 24:13 | Create | Villager (Male) |
| 24:31 | Build | House |
| 24:32 | Create | Villager (Male) |
| 24:33 | Create | Villager (Male) |
| 24:35 | Build | Farm |
| 24:35 | Build | Farm |
| 24:35 | Build | Farm |
| 24:36 | Build | Farm |
| 24:36 | Build | Farm |
| 24:36 | Build | Farm |
| 24:47 | Build | House |
| 24:53 | Create | Villager (Male) |
| 24:53 | Create | Villager (Male) |
| 24:58 | Build | House |
| 24:59 | Build | House |
| 25:00 | Build | House |
Build order — Berkhee
First 150 of 199 actions detected
| 0:01 | Create | Villager (Male) ×4 |
| 0:02 | Build | House |
| 0:04 | Build | House |
| 1:24 | Create | Villager (Male) |
| 1:24 | Create | Villager (Male) |
| 1:46 | Build | Lumber Camp |
| 1:51 | Create | Villager (Male) |
| 1:52 | Create | Villager (Male) |
| 2:20 | Create | Villager (Male) |
| 2:21 | Create | Villager (Male) |
| 2:21 | Create | Villager (Male) |
| 3:20 | Create | Villager (Male) |
| 3:21 | Create | Villager (Male) |
| 3:21 | Create | Villager (Male) |
| 3:43 | Build | House |
| 3:44 | Build | House |
| 3:55 | Create | Villager (Male) |
| 3:55 | Create | Villager (Male) |
| 4:40 | Build | Mill |
| 4:50 | Create | Villager (Male) |
| 4:50 | Create | Villager (Male) |
| 5:40 | Create | Villager (Male) |
| 6:06 | Build | Mining Camp |
| 6:08 | Create | Villager (Male) |
| 6:34 | Create | Villager (Male) |
| 6:41 | Build | Mining Camp |
| 6:55 | Create | Villager (Male) |
| 7:21 | Create | Villager (Male) |
| 7:24 | Build | House |
| 7:25 | Build | House |
| 7:46 | Create | Villager (Male) |
| 7:47 | Create | Villager (Male) |
| 8:02 | Create | Villager (Male) |
| 8:03 | Create | Villager (Male) |
| 8:58 | Research | Loom |
| 8:59 | Research | Feudal Age |
| 9:07 | Build | Palisade Wall |
| 9:18 | Build | Palisade Wall |
| 9:23 | Build | Palisade Wall |
| 9:28 | Create | Villager (Male) |
| 9:54 | Build | Palisade Wall |
| 10:40 | Create | Villager (Male) |
| 10:40 | Create | Villager (Male) |
| 10:41 | Age | Feudal Age |
| 10:52 | Build | Watch Tower |
| 10:54 | Create | Villager (Male) |
| 10:56 | Build | House |
| 10:57 | Build | Blacksmith |
| 11:02 | Create | Villager (Male) |
| 11:22 | Build | Watch Tower |
| 11:26 | Research | Fletching |
| 12:14 | Create | Villager (Male) |
| 13:03 | Create | Villager (Male) |
| 13:31 | Create | Villager (Male) |
| 13:51 | Build | Watch Tower |
| 14:42 | Build | Farm |
| 14:42 | Build | Farm |
| 14:43 | Build | Farm |
| 14:45 | Build | Farm |
| 14:46 | Build | Farm |
| 15:21 | Create | Villager (Male) |
| 15:45 | Create | Villager (Male) |
| 15:49 | Build | Mill |
| 15:50 | Build | Farm |
| 15:50 | Build | Farm |
| 15:51 | Build | Farm |
| 16:22 | Create | Villager (Male) |
| 17:02 | Create | Villager (Male) |
| 17:33 | Create | Villager (Male) |
| 17:54 | Create | Villager (Male) |
| 18:04 | Build | Farm |
| 18:05 | Build | Farm |
| 18:27 | Create | Villager (Male) |
| 18:31 | Build | Palisade Gate |
| 18:40 | Create | Villager (Male) |
| 19:10 | Build | House |
| 19:15 | Build | Palisade Wall |
| 19:17 | Build | Palisade Wall |
| 19:28 | Create | Villager (Male) |
| 19:32 | Create | Villager (Male) |
| 19:59 | Create | Villager (Male) |
| 20:02 | Create | Villager (Male) |
| 20:17 | Build | Watch Tower |
| 20:44 | Create | Villager (Male) |
| 20:48 | Build | Palisade Wall |
| 21:05 | Build | Farm |
| 21:05 | Build | Farm |
| 21:05 | Build | Farm |
| 21:06 | Build | Farm |
| 21:06 | Build | Farm |
| 21:08 | Create | Villager (Male) |
| 21:14 | Create | Villager (Male) |
| 21:31 | Build | Market |
| 21:32 | Build | House |
| 21:34 | Build | House |
| 21:35 | Build | House |
| 21:40 | Create | Villager (Male) |
| 22:14 | Build | House |
| 22:20 | Build | House |
| 22:20 | Build | House |
| 22:24 | Build | Farm |
| 22:43 | Create | Villager (Male) |
| 22:51 | Build | Watch Tower |
| 22:54 | Create | Villager (Male) |
| 23:03 | Build | Palisade Gate |
| 23:05 | Build | Palisade Wall |
| 23:10 | Build | Palisade Wall |
| 23:22 | Research | Castle Age |
| 23:43 | Create | Villager (Male) |
| 23:48 | Build | Farm |
| 23:51 | Build | Farm |
| 23:53 | Build | Farm |
| 24:09 | Create | Villager (Male) |
| 24:18 | Research | Double-Bit Axe |
| 24:23 | Research | Horse Collar |
| 24:26 | Build | Farm |
| 24:26 | Build | Farm |
| 24:55 | Build | Farm |
| 25:14 | Age | Castle Age |
| 25:18 | Create | Villager (Male) |
| 25:48 | Build | Town Center |
| 25:57 | Create | Villager (Male) |
| 26:15 | Build | Town Center |
| 26:16 | Create | Villager (Male) |
| 26:41 | Research | Gold Mining |
| 26:46 | Research | Bow Saw |
| 26:47 | Create | Villager (Male) |
| 26:47 | Create | Villager (Male) |
| 26:47 | Create | Villager (Male) |
| 27:12 | Build | Lumber Camp |
| 27:13 | Create | Villager (Male) |
| 27:13 | Create | Villager (Male) |
| 27:14 | Create | Villager (Male) |
| 27:22 | Research | Stone Mining |
| 27:25 | Create | Villager (Male) |
| 27:49 | Create | Villager (Male) |
| 27:49 | Create | Villager (Male) |
| 27:49 | Create | Villager (Male) |
| 28:04 | Build | Castle |
| 28:09 | Create | Villager (Male) |
| 28:14 | Build | Watch Tower |
| 28:15 | Research | Bodkin Arrow |
| 28:15 | Research | Bodkin Arrow |
| 28:22 | Build | University |
| 28:52 | Create | Villager (Male) |
| 28:53 | Create | Villager (Male) |
| 29:11 | Build | Lumber Camp |
| 29:28 | Create | Villager (Male) |
| 29:29 | Create | Villager (Male) |
| 29:29 | Create | Villager (Male) |
Match timeline
| 7:48 | maxymczech · wall_segment Palisade Wall x4 |
| 7:52 | maxymczech · wall_segment Palisade Wall x6 |
| 8:51 | maxymczech · age_up feudal |
| 9:07 | Berkhee · wall_segment Palisade Wall x6 |
| 9:18 | Berkhee · wall_segment Palisade Wall x5 |
| 9:23 | Berkhee · wall_segment Palisade Wall x4 |
| 9:54 | Berkhee · wall_segment Palisade Wall x1 |
| 10:41 | Berkhee · age_up feudal |
| 18:05 | maxymczech · first_market_sell 500 wood |
| 18:07 | maxymczech · first_market_buy 100 food |
| 18:54 | maxymczech · wall_segment Palisade Wall x1 |
| 18:55 | maxymczech · wall_segment Palisade Wall x1 |
| 18:57 | maxymczech · wall_segment Palisade Wall x1 |
| 18:59 | maxymczech · wall_segment Palisade Wall x1 |
| 19:04 | maxymczech · wall_segment Palisade Wall x1 |
| 19:07 | maxymczech · wall_segment Palisade Wall x1 |
| 19:09 | maxymczech · wall_segment Palisade Wall x1 |
| 19:15 | Berkhee · wall_segment Palisade Wall x1 |
| 19:17 | Berkhee · wall_segment Palisade Wall x1 |
| 19:27 | maxymczech · wall_segment Palisade Wall x1 |
| 19:34 | maxymczech · wall_segment Stone Wall x1 |
| 19:36 | maxymczech · wall_segment Stone Wall x1 |
| 19:37 | maxymczech · wall_segment Stone Wall x1 |
| 19:39 | maxymczech · wall_segment Stone Wall x1 |
| 20:32 | maxymczech · wall_segment Stone Wall x1 |
| 20:33 | maxymczech · wall_segment Stone Wall x1 |
| 20:35 | maxymczech · wall_segment Stone Wall x1 |
| 20:48 | Berkhee · wall_segment Palisade Wall x1 |
| 20:59 | maxymczech · age_up castle |
| 22:24 | maxymczech · first_building Castle |
| 22:29 | maxymczech · wall_segment Palisade Wall x1 |
| 22:31 | maxymczech · wall_segment Palisade Wall x1 |
| 22:32 | maxymczech · wall_segment Palisade Wall x1 |
| 23:05 | Berkhee · wall_segment Palisade Wall x1 |
| 23:10 | Berkhee · wall_segment Palisade Wall x1 |
| 23:19 | Berkhee · first_market_buy 100 food |
| 23:57 | maxymczech · wall_segment Palisade Wall x1 |
| 23:59 | maxymczech · wall_segment Palisade Wall x1 |
| 24:01 | maxymczech · wall_segment Palisade Wall x1 |
| 24:02 | maxymczech · wall_segment Palisade Wall x1 |
| 24:08 | maxymczech · wall_segment Palisade Wall x1 |
| 25:14 | Berkhee · age_up castle |
| 25:24 | maxymczech · first_building Barracks |
| 25:44 | maxymczech · first_building Monastery |
| 26:44 | maxymczech · first_building Stable |
| 28:04 | Berkhee · first_building Castle |
| 31:12 | Berkhee · first_market_sell 100 wood |
| 32:12 | maxymczech · first_building Archery Range |
| 32:19 | maxymczech · first_building Siege Workshop |
| 34:21 | maxymczech · age_up imperial |
| 34:54 | Berkhee · first_building Barracks |
| 35:34 | Berkhee · first_building Archery Range |
| 36:14 | Berkhee · resign |
[ AI ANALYSIS · 1 CREDIT ]
What really happened in this match?
Wolo.gg analyzes every decision: build order, eco, micro, common mistakes by bracket. Personalized analysis on WhatsApp or Discord in 30 seconds.
Civ guide
Spanish
Perfil
maxymczech